TOP OF THE 1ST |
Detroit (WIN) Tigers batting - Pitching for St. Louis (WIN) Cardinals : RHP Bob Markle
|
Pitching: RHP Bob Markle
|
|
Batting: RHB Brandon O'Malley
|
0-0: Ball 1-0: Ball 2-0: Called Strike 2-1: Fly out, F8 (Line Drive, 8LD, EV 109.4 MPH)
|
Batting: RHB Norm Wood
|
0-0: Ground out 5-3 (Groundball, 5S, EV 85.6 MPH)
|
Batting: SHB Ross Holland
|
0-0: Foul Ball, location: 9LSF 0-1: Ball 1-1: Ball 2-1: Called Strike 2-2: Strikes out swinging
|
Top of the 1st over - 0 runs, 0 hits, 0 errors, 0 left on base; Detroit (WIN) 0 - St. Louis (WIN) 0 |
BOTTOM OF THE 1ST |
St. Louis (WIN) Cardinals batting - Pitching for Detroit (WIN) Tigers : RHP Ramiro Silva
|
Pitching: RHP Ramiro Silva
|
|
Batting: RHB Juan Carrillo
|
0-0: Ball 1-0: Foul Ball, location: 7LDF 1-1: Swinging Strike 1-2: Foul Ball, location: 9LMF 1-2: Ball 2-2: Ball 3-2: Foul Ball, location: 2F 3-2: Foul Ball, location: 3SF 3-2: Base on Balls
|
Batting: LHB Ignacio Ocampo
|
0-0: Ball Juan Carrillo steals 2nd base 1-0: Ball 2-0: Fly out, F8 (Flyball, 8RM, EV 75.0 MPH)
|
Batting: RHB McGwire Jones
|
0-0: Ball 1-0: Ball 2-0: Ball 3-0: Called Strike 3-1: Base on Balls
|
Batting: RHB Pablo Nunez
|
0-0: Called Strike 0-1: Ball Juan Carrillo is caught stealing 3rd base 2-5 1-1: Ball 2-1: Ball 3-1: Swinging Strike 3-2: Strikes out swinging
|
Bottom of the 1st over - 0 runs, 0 hits, 0 errors, 1 left on base; Detroit (WIN) 0 - St. Louis (WIN) 0 |
TOP OF THE 2ND |
Detroit (WIN) Tigers batting - Pitching for St. Louis (WIN) Cardinals : RHP Bob Markle
|
Batting: SHB Adam Weber
|
0-0: Ball 1-0: Ball 2-0: Ball 3-0: Called Strike 3-1: Foul Ball, location: 7LMF 3-2: Base on Balls
|
Batting: LHB Afanasy Zasekin
|
0-0: Called Strike 0-1: Called Strike 0-2: Ball 1-2: Foul Ball, location: 7LMF 1-2: Strikes out swinging Adam Weber is caught stealing 2nd base 2-6 Batter strikes out.
|
Batting: SHB Richello Badua
|
0-0: Ball 1-0: Ball 2-0: Called Strike 2-1: Ball 3-1: Called Strike 3-2: Base on Balls
|
Batting: RHB Kevin Steed
|
0-0: Called Strike 0-1: Swinging Strike 0-2: Strikes out swinging
|
Top of the 2nd over - 0 runs, 0 hits, 0 errors, 1 left on base; Detroit (WIN) 0 - St. Louis (WIN) 0 |
BOTTOM OF THE 2ND |
St. Louis (WIN) Cardinals batting - Pitching for Detroit (WIN) Tigers : RHP Ramiro Silva
|
Batting: RHB Joe Alley
|
0-0: Called Strike 0-1: Called Strike 0-2: Strikes out swinging
|
Batting: RHB Bobby Miles
|
0-0: Foul Ball, location: 2F 0-1: Ball 1-1: Foul Ball, location: 7LSF 1-2: Strikes out swinging
|
Batting: RHB William Lung
|
0-0: Ball 1-0: Foul Ball, location: 5FF 1-1: Foul Ball, location: 23F 1-2: Ball 2-2: Fly out, F8 (Flyball, 89S, EV 81.9 MPH)
|
Bottom of the 2nd over - 0 runs, 0 hits, 0 errors, 0 left on base; Detroit (WIN) 0 - St. Louis (WIN) 0 |
TOP OF THE 3RD |
Detroit (WIN) Tigers batting - Pitching for St. Louis (WIN) Cardinals : RHP Bob Markle
|
Batting: RHB Yankel Pensak
|
0-0: Ball 1-0: Ball 2-0: SINGLE (Flyball, 3D, EV 86.9 MPH)
|
Batting: RHB George Sonier
|
0-0: Called Strike 0-1: Called Strike 0-2: Strikes out swinging
|
Batting: RHB Brandon O'Malley
|
0-0: Called Strike 0-1: Fly out, F8 (Flyball, 8LD, EV 110.6 MPH)
|
Batting: RHB Norm Wood
|
0-0: Ball 1-0: Called Strike 1-1: Ball 2-1: Swinging Strike 2-2: Fielders Choice at 2nd, 5-4 (Groundball, 5, EV 92.5 MPH)
|
Top of the 3rd over - 0 runs, 1 hit, 0 errors, 1 left on base; Detroit (WIN) 0 - St. Louis (WIN) 0 |
BOTTOM OF THE 3RD |
St. Louis (WIN) Cardinals batting - Pitching for Detroit (WIN) Tigers : RHP Ramiro Silva
|
Batting: RHB Tim Jobe
|
0-0: Ground out 3-1 (Groundball, 3D, EV 86.9 MPH)
|
Batting: RHB Robby Hickman
|
0-0: Ball 1-0: Swinging Strike 1-1: Ball 2-1: Foul Ball, location: 9LSF 2-2: Strikes out looking
|
Batting: RHB Juan Carrillo
|
0-0: SINGLE (Groundball, 3S, EV 69.4 MPH) (infield hit)
|
Batting: LHB Ignacio Ocampo
|
0-0: Ball 1-0: Ball 2-0: Ball Wild Pitch! Juan Carrillo to second 3-0: Base on Balls
|
Batting: RHB McGwire Jones
|
0-0: Ball 1-0: Swinging Strike 1-1: Called Strike 1-2: Strikes out swinging
|
Bottom of the 3rd over - 0 runs, 1 hit, 0 errors, 2 left on base; Detroit (WIN) 0 - St. Louis (WIN) 0 |
TOP OF THE 4TH |
Detroit (WIN) Tigers batting - Pitching for St. Louis (WIN) Cardinals : RHP Bob Markle
|
Batting: SHB Ross Holland
|
0-0: Called Strike 0-1: Swinging Strike 0-2: Ball 1-2: Foul Ball, location: 5FF 1-2: Ball 2-2: Ball 3-2: Foul Ball, location: 7LMF 3-2: Strikes out swinging
|
Batting: SHB Adam Weber
|
0-0: Foul Ball, location: 2F 0-1: Swinging Strike 0-2: Foul Ball, location: 5FF 0-2: Ball 1-2: Foul Ball, location: 2F 1-2: Ball 2-2: Strikes out swinging
|
Batting: LHB Afanasy Zasekin
|
0-0: Ball 1-0: Ground out 4-3 (Groundball, 4, EV 96.9 MPH)
|
Top of the 4th over - 0 runs, 0 hits, 0 errors, 0 left on base; Detroit (WIN) 0 - St. Louis (WIN) 0 |
BOTTOM OF THE 4TH |
St. Louis (WIN) Cardinals batting - Pitching for Detroit (WIN) Tigers : RHP Ramiro Silva
|
Batting: RHB Pablo Nunez
|
0-0: Ball 1-0: Ball 2-0: Ball 3-0: Called Strike 3-1: Base on Balls
|
Batting: RHB Joe Alley
|
0-0: Ball 1-0: Called Strike 1-1: Swinging Strike 1-2: Ball 2-2: Ball 3-2: Base on Balls Pablo Nunez to second
|
Batting: RHB Bobby Miles
|
0-0: Ball 1-0: Called Strike 1-1: Foul Ball, location: 9LSF 1-2: Foul Ball, location: 9LDF 1-2: Ball 2-2: SINGLE (Line Drive, 9LS, EV 90.6 MPH) Pablo Nunez to third Joe Alley to second
|
Batting: RHB William Lung
|
0-0: Foul Ball, location: 9LDF 0-1: Ball 1-1: Ball 2-1: Foul Ball, location: 2RF 2-2: Ball 3-2: SINGLE (Flyball, 7LS, EV 94.4 MPH) Pablo Nunez scores Joe Alley to third Bobby Miles to second
|
Batting: RHB Tim Jobe
|
0-0: Ball 1-0: Called Strike 1-1: Ball 2-1: Called Strike 2-2: Foul Ball, location: 23F 2-2: Grounds into double play, U5-3 (Groundball, 5, EV 80.0 MPH) Joe Alley scores William Lung to second
|
Batting: RHB Robby Hickman
|
0-0: Called Strike 0-1: Ball 1-1: Ball 2-1: Fly out, F9 (Flyball, 9D, EV 99.4 MPH)
|
Bottom of the 4th over - 2 runs, 2 hits, 0 errors, 1 left on base; Detroit (WIN) 0 - St. Louis (WIN) 2 |
TOP OF THE 5TH |
Detroit (WIN) Tigers batting - Pitching for St. Louis (WIN) Cardinals : RHP Bob Markle
|
Batting: SHB Richello Badua
|
0-0: Ball 1-0: Ground out 4-3 (Groundball, 4, EV 105.0 MPH)
|
Batting: RHB Kevin Steed
|
0-0: Ball 1-0: Ball 2-0: Called Strike 2-1: Ground out 6-3 (Groundball, 6, EV 88.1 MPH)
|
Batting: RHB Yankel Pensak
|
0-0: Swinging Strike 0-1: Ground out 4-3 (Groundball, 4, EV 85.6 MPH)
|
Top of the 5th over - 0 runs, 0 hits, 0 errors, 0 left on base; Detroit (WIN) 0 - St. Louis (WIN) 2 |
BOTTOM OF THE 5TH |
St. Louis (WIN) Cardinals batting - Pitching for Detroit (WIN) Tigers : RHP Ramiro Silva
|
Batting: RHB Juan Carrillo
|
0-0: Called Strike 0-1: Called Strike 0-2: Strikes out swinging
|
Batting: LHB Ignacio Ocampo
|
0-0: Ball 1-0: Foul Ball, location: 25F 1-1: Ball 2-1: Ball 3-1: Base on Balls
|
Batting: RHB McGwire Jones
|
0-0: Ball 1-0: Swinging Strike 1-1: Ball 2-1: Ball 3-1: Base on Balls Ignacio Ocampo to second
|
Pitching: LHP Randolph Main
|
|
Batting: RHB Pablo Nunez
|
0-0: Called Strike 0-1: SINGLE (Groundball, 34, EV 78.1 MPH) (infield hit) Ignacio Ocampo to third McGwire Jones to second
|
Batting: RHB Joe Alley
|
0-0: Swinging Strike 0-1: Ball 1-1: Foul Ball, location: 9LDF 1-2: Strikes out swinging
|
Batting: RHB Bobby Miles
|
0-0: Swinging Strike 0-1: SINGLE (Line Drive, 6D, EV 99.4 MPH) Ignacio Ocampo scores McGwire Jones to third Pablo Nunez to second Runner from 3rd tries for Home, SAFE, throw by LF to home
|
Batting: RHB William Lung
|
0-0: Called Strike 0-1: Swinging Strike 0-2: Ball 1-2: Ball 2-2: Strikes out looking
|
Bottom of the 5th over - 2 runs, 2 hits, 0 errors, 2 left on base; Detroit (WIN) 0 - St. Louis (WIN) 4 |
TOP OF THE 6TH |
Detroit (WIN) Tigers batting - Pitching for St. Louis (WIN) Cardinals : RHP Bob Markle
|
Batting: RHB George Sonier
|
0-0: Called Strike 0-1: Swinging Strike 0-2: Foul Ball, location: 7LMFF 0-2: Ball 1-2: Strikes out looking
|
Batting: RHB Brandon O'Malley
|
0-0: Ball 1-0: Called Strike 1-1: Ball 2-1: Called Strike 2-2: Fly out, F7 (Flyball, 7S, EV 76.9 MPH)
|
Batting: RHB Norm Wood
|
0-0: Called Strike 0-1: Foul Ball, location: 5SF 0-2: Fly out, F7 (Flyball, 7, EV 95.6 MPH)
|
Top of the 6th over - 0 runs, 0 hits, 0 errors, 0 left on base; Detroit (WIN) 0 - St. Louis (WIN) 4 |
BOTTOM OF THE 6TH |
St. Louis (WIN) Cardinals batting - Pitching for Detroit (WIN) Tigers : LHP Randolph Main
|
Batting: RHB Tim Jobe
|
0-0: Ball 1-0: Ball 2-0: Ball 3-0: Base on Balls
|
Batting: RHB Robby Hickman
|
0-0: Ball 1-0: Called Strike 1-1: Ball 2-1: Called Strike 2-2: Strikes out swinging
|
Batting: RHB Juan Carrillo
|
0-0: Ball 1-0: Foul Ball, location: 2F 1-1: Fly out, F9 (Flyball, 89S, EV 78.8 MPH)
|
Batting: LHB Ignacio Ocampo
|
0-0: Ball 1-0: SINGLE (Groundball, 25, EV 70.0 MPH) (infield hit) Tim Jobe to second
|
Batting: RHB McGwire Jones
|
0-0: Called Strike 0-1: Ball 1-1: Ball 2-1: Ball 3-1: Swinging Strike 3-2: Base on Balls Tim Jobe to third Ignacio Ocampo to second
|
Batting: RHB Pablo Nunez
|
0-0: Foul Ball, location: 2F 0-1: Ball 1-1: Foul Ball, location: 2F 1-2: Ball 2-2: SINGLE (Line Drive, 7S, EV 91.9 MPH) Tim Jobe scores Ignacio Ocampo to third McGwire Jones to second Runner from 3rd tries for Home, throw by LF and OUT! 7-2
|
Bottom of the 6th over - 1 run, 2 hits, 0 errors, 2 left on base; Detroit (WIN) 0 - St. Louis (WIN) 5 |
TOP OF THE 7TH |
Detroit (WIN) Tigers batting - Pitching for St. Louis (WIN) Cardinals : RHP Bob Markle
|
Batting: SHB Ross Holland
|
0-0: Ball 1-0: Ball 2-0: Swinging Strike 2-1: Swinging Strike 2-2: Ground out 4-3 (Groundball, 4S, EV 66.3 MPH)
|
Batting: SHB Adam Weber
|
0-0: Ball 1-0: DOUBLE (Line Drive, 7LM, EV 102.5 MPH)
|
Batting: LHB Afanasy Zasekin
|
0-0: Ball 1-0: Ball 2-0: Fly out, F7 (Flyball, 7D, EV 111.3 MPH) Runner from 2nd tags up, SAFE at 3rd, no throw by LF
|
Batting: SHB Richello Badua
|
0-0: Foul Ball, location: 2F 0-1: Swinging Strike 0-2: Ball 1-2: Ball 2-2: Strikes out swinging
|
Top of the 7th over - 0 runs, 1 hit, 0 errors, 1 left on base; Detroit (WIN) 0 - St. Louis (WIN) 5 |
BOTTOM OF THE 7TH |
St. Louis (WIN) Cardinals batting - Pitching for Detroit (WIN) Tigers : LHP Randolph Main
|
Batting: RHB Joe Alley
|
0-0: Ball 1-0: Called Strike 1-1: Ball 2-1: Ball 3-1: Base on Balls
|
Batting: RHB Bobby Miles
|
0-0: Ball 1-0: Called Strike 1-1: Called Strike Pickoff Throw to First - Out! 1-3 1-2: Strikes out swinging
|
Batting: RHB William Lung
|
0-0: Ball 1-0: Called Strike 1-1: Foul Ball, location: 25F 1-2: Foul Ball, location: 3FF 1-2: Foul Ball, location: 2F 1-2: Strikes out swinging
|
Bottom of the 7th over - 0 runs, 0 hits, 0 errors, 0 left on base; Detroit (WIN) 0 - St. Louis (WIN) 5 |
TOP OF THE 8TH |
Detroit (WIN) Tigers batting - Pitching for St. Louis (WIN) Cardinals : RHP Bob Markle
|
Pitching: RHP Jaquan Alston
|
|
Batting: RHB Kevin Steed
|
0-0: Swinging Strike 0-1: Ball 1-1: Ball 2-1: Ball 3-1: SINGLE (Flyball, 6D, EV 92.5 MPH)
|
Batting: RHB Yankel Pensak
|
0-0: Called Strike 0-1: Called Strike 0-2: Ball 1-2: Foul Ball, location: 2RF 1-2: Ball 2-2: Ball 3-2: Strikes out swinging
|
Batting: RHB George Sonier
|
0-0: Ball 1-0: Called Strike 1-1: Foul Ball, location: 2F 1-2: Strikes out swinging
|
Batting: RHB Brandon O'Malley
|
0-0: Called Strike 0-1: Fielders Choice at 2nd, 6-4 (Groundball, 6, EV 83.1 MPH)
|
Top of the 8th over - 0 runs, 1 hit, 0 errors, 1 left on base; Detroit (WIN) 0 - St. Louis (WIN) 5 |
BOTTOM OF THE 8TH |
St. Louis (WIN) Cardinals batting - Pitching for Detroit (WIN) Tigers : LHP Randolph Main
|
Batting: RHB Tim Jobe
|
0-0: Swinging Strike 0-1: Swinging Strike 0-2: Ball 1-2: Ground out 3-1 (Groundball, 34, EV 91.9 MPH)
|
Batting: RHB Robby Hickman
|
0-0: Foul Ball, location: 3FF 0-1: Ball 1-1: Ground out 6-3 (Groundball, 6, EV 103.8 MPH)
|
Batting: RHB Juan Carrillo
|
0-0: Swinging Strike 0-1: SINGLE (Line Drive, 89S, EV 96.3 MPH)
|
Pitching: RHP Ruben Arana
|
|
Batting: LHB Ignacio Ocampo
|
0-0: Ball 1-0: Called Strike 1-1: Fly out, F9 (Flyball, 9D, EV 95.6 MPH)
|
Bottom of the 8th over - 0 runs, 1 hit, 0 errors, 1 left on base; Detroit (WIN) 0 - St. Louis (WIN) 5 |
TOP OF THE 9TH |
Detroit (WIN) Tigers batting - Pitching for St. Louis (WIN) Cardinals : RHP Jaquan Alston
|
Batting: RHB Norm Wood
|
0-0: DOUBLE (Line Drive, 3D, EV 98.1 MPH)
|
Batting: SHB Ross Holland
|
0-0: Called Strike 0-1: Ground out 6-3 (Groundball, 6S, EV 86.9 MPH)
|
Batting: SHB Adam Weber
|
0-0: 2-RUN HOME RUN (Flyball, 7LD, EV 91.9 MPH), Distance : 360 ft
|
Batting: LHB Afanasy Zasekin
|
0-0: Fly out, F8 (Flyball, 78D, EV 80.6 MPH)
|
Batting: SHB Richello Badua
|
0-0: Ball 1-0: Ball 2-0: SOLO HOME RUN (Flyball, 89XD, EV 98.8 MPH), Distance : 396 ft
|
Pitching: RHP Joe Spencer
|
|
Now in LF: Ignacio Ocampo
|
|
Now in RF: Juan Martinez
|
|
Batting: RHB Kevin Steed
|
0-0: Ball 1-0: Foul Ball, location: 2F 1-1: SINGLE (Groundball, 34D, EV 107.5 MPH)
|
Batting: RHB Yankel Pensak
|
0-0: Ball 1-0: Ball 2-0: Ball 3-0: Called Strike 3-1: Called Strike 3-2: Base on Balls Kevin Steed to second
|
Pinch Hitting: LHB George Moran
|
0-0: Ball 1-0: Swinging Strike 1-1: Called Strike 1-2: Ball 2-2: Fly out, F8 (Flyball, 78S, EV 88.1 MPH)
|
Top of the 9th over - 3 runs, 4 hits, 0 errors, 2 left on base; Detroit (WIN) 3 - St. Louis (WIN) 5 |
|